Map: [ESL] Ghost River

Players

goblin

  • Race: Protoss Protoss
  • Spawn Location: 1:00

Reynor - Winner!

  • Race: Zerg Zerg
  • Spawn Location: 11:00

Event: ESL SC2 Masters 2024 Spring (Regional)

VOD

Have the link to the VOD?

Description

Time

  • Played on: May 2, 2024, 11:44 a.m.
  • Length: 11:20

All games in this series

Show
View Real Time Build Order
Export as new Build Order

goblin Protoss 

Build Orders:  

Get SALT Encoding   

  12  0:00  Probe  
  13  0:12  Probe  
  14  0:17  Pylon  
  14  0:24  Probe (Chrono Boost)  
  15  0:36  Probe (Chrono Boost)  
  15  0:38  Gateway  
  16  0:45  Probe (Chrono Boost)  
  16  0:47  Assimilator  
  17  0:51  Probe  
  18  1:03  Probe  
  19  1:15  Probe  
  20  1:23  Pylon  
  20  1:24  Zealot (Chrono Boost)  
  20  1:27  Cybernetics Core  
  20  1:29  Pylon  
  22  1:37  Probe  
  23  1:47  Zealot (Chrono Boost)  
  25  2:05  Probe  
  25  2:11  Adept (Chrono Boost)  
  27  2:31  Probe  
  28  2:47  Nexus  
  28  2:52  Adept  
  30  3:00  Probe  
  30  3:03  Assimilator  
  31  3:10  Warp Gate  
  31  3:13  Pylon  
  31  3:32  Probe (Chrono Boost)  
  32  3:39  Probe (Chrono Boost)  
  33  3:44  Stargate  
  33  3:46  Probe  
  34  4:02  Probe x2 (Chrono Boost)  
  36  4:05  Nexus  
  36  4:12  Probe (Chrono Boost)  
  36  4:13  Stalker, Probe (Chrono Boost)  
  40  4:19  Probe  
  40  4:22  Probe  
  42  4:24  Oracle (Chrono Boost)  
  42  4:30  Pylon  
  45  4:36  Probe  
  47  4:38  Probe  
  47  4:42  Gateway  
  47  4:45  Pylon  
  47  4:48  Probe  
  48  4:54  Shield Battery, Probe  
  48  4:56  Oracle (Chrono Boost)  
  52  5:01  Probe  
  52  5:06  Probe  
  54  5:13  Assimilator, Probe  
  55  5:14  Assimilator  
  55  5:18  Probe  
  55  5:19  Twilight Council, Probe  
  57  5:27  Gateway  
  57  5:31  Gateway  
  57  5:33  Probe x2 (Chrono Boost)  
  57  5:34  Probe (Chrono Boost)  
  60  5:38  Oracle  
  63  5:46  Probe (Chrono Boost)  
  63  5:49  Probe (Chrono Boost)  
  66  5:50  Probe (Chrono Boost), Forge  
  66  5:54  Probe (Chrono Boost)  
  66  5:55  Stalker  
  66  5:56  Probe  
  70  5:57  Blink (Chrono Boost)  
  70  6:01  Probe (Chrono Boost)  
  71  6:08  Probe (Chrono Boost)  
  73  6:12  Protoss Ground Weapons Level 1 (Chrono Boost)  
  73  6:13  Probe (Chrono Boost)  
  73  6:14  Probe (Chrono Boost)  
  75  6:20  Gateway  
  75  6:22  Probe x2 (Chrono Boost), Gateway  
  75  6:24  Probe (Chrono Boost)  
  77  6:29  Stalker x2, Probe  
  77  6:31  Probe  
  82  6:34  Probe  
  82  6:39  Gateway  
  83  6:41  Probe, Gateway  
  83  6:44  Probe  
  85  6:54  Pylon  
  85  6:55  Pylon, Gateway  
  85  7:04  Pylon  
  85  7:13  Stalker x4  
  85  7:15  Oracle  
  88  7:27  Pylon  
  88  7:28  Pylon x2  
  82  7:36  Pylon  
  82  7:49  Stalker x5  
  92  7:53  Nexus  
  92  7:57  Pylon  
  92  8:03  Pylon  
  92  8:07  Protoss Ground Weapons Level 2 (Chrono Boost)  
  92  8:08  Oracle  
  95  8:18  Stalker x3  
  101  8:27  Stalker x2  
  105  8:38  Nexus  
  105  8:39  Stalker x3  
  107  9:04  Stalker x6  
  119  9:12  Pylon  
  119  9:15  Oracle (Chrono Boost), Photon Cannon  
  122  9:26  Pylon  
  122  9:34  Stalker x2  
  122  9:35  Stalker  
  121  9:46  Stalker x3  
  119  9:56  Shield Battery  
  119  9:57  Stalker x2  
  123  10:14  Assimilator  
  123  10:17  Assimilator  
  123  10:18  Sentry, Stalker x2  
  123  10:19  Stalker x2  
  133  10:38  Stalker  
  133  10:39  Stalker x2  
  135  10:45  Zealot  
  135  10:46  Zealot x3  
  115  11:03  Zealot x2  
  115  11:04  Zealot x2  
  116  11:07  Cybernetics Core  
Show
View Real Time Build Order
Export as new Build Order

Reynor Zerg - Winner!

Build Orders: Pool First 

Get SALT Encoding   

  12  0:18  Spawning Pool  
  11  0:23  Drone  
  12  0:28  Drone  
  12  0:33  Drone  
  14  0:43  Overlord  
  14  1:06  Zergling x4  
  14  1:07  Zergling x2  
  17  1:23  Hatchery  
  16  1:26  Zergling x2  
  16  1:30  Zergling x2  
  18  1:38  Zergling x2  
  19  1:51  Zergling x2  
  20  2:08  Hatchery  
  19  2:12  Overlord  
  19  2:15  Drone  
  20  2:21  Drone  
  21  2:31  Queen  
  21  2:36  Drone  
  23  2:46  Drone  
  22  3:00  Drone  
  22  3:04  Drone  
  23  3:07  Queen  
  25  3:15  Drone  
  26  3:21  Drone  
  26  3:22  Queen  
  29  3:27  Drone  
  29  3:30  Drone  
  31  3:37  Overlord  
  31  3:40  Drone x3  
  34  3:41  Drone  
  35  3:54  Overlord  
  35  3:56  Zergling x2  
  35  3:57  Queen  
  35  4:00  Drone  
  35  4:01  Extractor  
  38  4:03  Drone  
  41  4:10  Drone  
  41  4:12  Extractor  
  41  4:14  Drone  
  41  4:15  Drone x2  
  44  4:18  Drone  
  44  4:23  Overlord  
  45  4:24  Drone  
  45  4:29  Drone x3  
  49  4:34  Drone  
  49  4:36  Drone  
  49  4:43  Hatchery  
  48  4:45  Evolution Chamber  
  48  4:47  Drone  
  48  4:49  Drone  
  49  4:54  Metabolic Boost  
  49  4:58  Drone x3  
  52  5:02  Queen  
  52  5:06  Overlord  
  54  5:11  Zerg Melee Weapons Level 1  
  54  5:17  Queen  
  57  5:21  Drone x3  
  57  5:24  Drone x3  
  57  5:28  Overlord  
  62  5:32  Spore Crawler  
  61  5:36  Zergling x8  
  65  5:44  Drone  
  65  5:46  Zergling x2  
  65  5:47  Overlord  
  65  5:49  Zergling x4  
  69  5:54  Baneling Nest  
  69  5:55  Zergling x8  
  72  6:00  Zergling x4  
  72  6:03  Overlord  
  74  6:05  Spore Crawler  
  74  6:07  Drone x2  
  74  6:08  Drone  
  75  6:12  Overlord  
  75  6:13  Zergling x2  
  75  6:16  Zergling x2  
  77  6:22  Zergling x4  
  79  6:27  Overlord  
  79  6:28  Zergling x6  
  79  6:31  Zergling x8  
  79  6:32  Zergling x4  
  88  6:33  Zergling x2  
  89  6:43  Baneling x8  
  89  6:44  Baneling x4  
  89  6:45  Baneling  
  89  6:46  Zergling x6  
  92  6:49  Zergling x2  
  92  6:50  Lair  
  92  6:54  Zergling x8  
  95  7:00  Baneling x3  
  96  7:03  Zergling x10  
  99  7:12  Zergling x2  
  99  7:13  Drone x4  
  99  7:14  Drone  
  90  7:21  Drone x5  
  88  7:24  Drone  
  88  7:26  Drone  
  88  7:27  Drone x2  
  88  7:28  Drone  
  88  7:29  Drone x2  
  92  7:34  Drone x2  
  91  7:37  Drone  
  91  7:39  Extractor  
  91  7:41  Extractor  
  91  7:43  Extractor  
  91  7:44  Drone  
  90  7:53  Hydralisk Den, Hatchery  
  90  7:54  Zerg Missile Weapons Level 1  
  90  7:56  Drone x3  
  91  7:59  Zergling x10  
  91  8:05  Overlord  
  96  8:07  Zergling x10  
  96  8:08  Zergling x2  
  96  8:11  Zergling x4  
  104  8:16  Spore Crawler  
  104  8:19  Zergling x2  
  104  8:20  Zergling x2  
  104  8:22  Overlord  
  104  8:25  Muscular Augments  
  104  8:26  Hydralisk  
  104  8:27  Hydralisk x2  
  105  8:29  Hydralisk  
  105  8:33  Hydralisk x2  
  112  8:36  Zergling x10  
  112  8:37  Zergling x2  
  119  8:42  Overlord  
  119  8:44  Hydralisk x2  
  123  8:52  Hydralisk  
  125  8:57  Hydralisk x3  
  125  8:59  Hydralisk, Zergling x2  
  124  9:03  Hydralisk  
  124  9:08  Hydralisk x5  
  135  9:13  Zergling x6  
  135  9:15  Overlord  
  135  9:17  Overlord  
  138  9:20  Overlord  
  138  9:21  Hydralisk  
  138  9:22  Hydralisk  
  142  9:26  Zergling x2, Overlord  
  143  9:32  Overlord  
  143  9:38  Hydralisk x4  
  143  9:39  Zergling x4  
  140  9:49  Hydralisk x4  
  140  9:50  Zergling x4  
  140  9:52  Zergling x4  
  146  9:57  Hydralisk x2  
  147  10:01  Hydralisk x2  
  147  10:06  Hydralisk  
  149  10:07  Zergling x6  
  149  10:12  Hydralisk  
  149  10:13  Zergling x4  
  158  10:17  Zergling x8  
  162  10:22  Hydralisk x2  
  162  10:23  Zergling x4  
  162  10:26  Overlord  
  162  10:28  Zergling x4  
  164  10:39  Hydralisk  
  164  10:40  Zergling x16  
  170  10:43  Hydralisk  
  170  10:44  Zergling x4  
  164  10:51  Hydralisk  
  164  10:52  Zergling x8  
  164  10:54  Hydralisk  
  164  10:55  Zergling x6  
  162  10:59  Zergling x2  
  162  11:00  Zergling x4  
Tags
 
Add a new tag
Caveats
  • Supply blocks, unpowered buildings, or Contaminate may cause inaccurate times.
  • Supply counts are checked every 10 seconds.